 Dungeon Crawl Stone Soup version 0.23-a0-296-ga3b1b28 (webtiles) character file.

8847 Amnesiac the Eclecticist (level 11, 0/68 HPs)
             Began as a Mummy Wizard on Oct 5, 2018.
             Was a High Priest of Sif Muna.
             Killed from afar by a catoblepas (9 damage)
             ... with a blast of calcifying dust
             ... on level 9 of the Dungeon.
             The game lasted 00:20:50 (9533 turns).

Amnesiac the Eclecticist (Mummy Wizard)             Turns: 9533, Time: 00:20:51

Health: 0/68       AC:  5    Str: 10    XL:     11   Next: 15%
Magic:  0/33       EV: 12    Int: 24    God:    Sif Muna [*****.]
Gold:   388        SH:  0    Dex: 10    Spells: 35/46 levels left

rFire    . . .     SeeInvis .   a - +8 long sword of the Globe {slice, +Inv rPois rF+ Int-2}
rCold    + . .     Gourm    .   (no shield)
rNeg     + + +     Faith    .   C - +0 robe {rN+}
rPois    ∞         Spirit   +   (no helmet)
rElec    .         Reflect  .   y - +0 cloak
rCorr    +         Harm     .   v - +0 pair of gloves
MR       +....                  t - +0 pair of boots
Stlth    ++........             A - amulet of guardian spirit
HPRegen  0.21/turn              f - +4 ring of intelligence
MPRegen  0.23/turn              F - ring of resist corrosion

@: divine energy
A: no food or potions, fire vulnerability, cold resistance 1, negative energy
resistance 3, torment resistance, unbreathing
a: Stop Divine Energy, Channel Magic, Forget Spell, Renounce Religion, Evoke
Invisibility


You were on level 9 of the Dungeon.
You worshipped Sif Muna.
Sif Muna was extremely pleased with you.
You were not hungry.

You visited 1 branch of the dungeon, and saw 9 of its levels.
You also visited: Sewer.

You collected 388 gold pieces.

Inventory:

Hand Weapons
 a - the +8 long sword of the Globe (weapon) {slice, +Inv rPois rF+ Int-2}
   (You found it on level 4 of the Dungeon)

   It inflicts extra damage upon your enemies.
   It affects your intelligence (-2).
   It protects you from fire.
   It protects you from poison.
   It lets you turn invisible.
 b - a +0 fustibalus
Missiles
 d - 154 stones (quivered)
 j - 113 sling bullets
Armour
 t - a +0 pair of boots (worn)
 v - a +0 pair of gloves (worn)
 y - a +0 cloak (worn)
 C - a +0 robe of positive energy (worn)
Magical Staves
 E - an uncursed staff of death
Jewellery
 f - a +4 ring of intelligence (left hand)
 A - an amulet of guardian spirit (around neck)
 F - a ring of resist corrosion (right hand)
Wands
 i - a wand of iceblast (9)
 w - a wand of random effects (10)
 x - a wand of scattershot (5)
 z - a wand of clouds (5)
 D - a wand of enslavement (10)
Scrolls
 g - a scroll of amnesia {!r, unknown}
 h - 2 scrolls of noise {!r}
 k - 6 scrolls of remove curse {!r}
 l - a scroll of fog {!r}
 m - 2 scrolls of teleportation {!r}
 n - 2 scrolls of fear {!r}
 o - a scroll of summoning {!r, unknown}
 p - a scroll of enchant armour {!r}
 q - a scroll of enchant weapon {!r}
 s - 2 scrolls of immolation {!r}
 u - 2 scrolls of blinking {!r}
 B - a scroll of magic mapping {!r}


   Skills:
 - Level 1.5 Dodging
 - Level 1.5 Stealth
 - Level 18.0 Spellcasting
 - Level 0.7 Conjurations
 - Level 0.7 Summonings
 - Level 0.7 Translocations
 * Level 5.9 Invocations


You had 35 spell levels left.
You knew the following spells:

 Your Spells              Type           Power        Failure   Level  Hunger
a - Magic Dart            Conj           ####         1%          1    N/A
b - Call Imp              Summ           ####....     2%          2    N/A
e - Mephitic Cloud        Conj/Pois/Air  ###.....     6%          3    N/A
s - Conjure Flame         Conj/Fire      ###.....     6%          3    N/A
v - Blink                 Tloc           N/A          2%          2    N/A

Your spell library contained the following spells:

 Spells                   Type           Power        Failure   Level  Hunger
 Corona                   Hex            ###....      2%          1    N/A
 Shroud of Golubria       Chrm/Tloc      ###.......   3%          2    N/A
 Slow                     Hex            ###.....     3%          2    N/A
 Lesser Beckoning         Tloc           ####......   5%          3    N/A
 Portal Projectile        Hex/Tloc       ###...       6%          3    N/A
 Inner Flame              Hex/Fire       ###.....     7%          3    N/A
 Cause Fear               Hex            ###.......   22%         4    N/A
 Leda's Liquefaction      Hex/Erth       ###.......   22%         4    N/A
 Summon Forest            Summ/Tloc      ####......   43%         5    N/A
 Haunt                    Necr/Summ      ###.......   100%        7    N/A
 Summon Hydra             Summ           ####......   100%        7    N/A
 Controlled Blink         Tloc           N/A          100%        8    N/A
 Dragon's Call            Summ           ####......   100%        9    N/A

Dungeon Overview and Level Annotations

Branches:
Dungeon (9/15)             Temple (0/1) D:4            Lair (0/6) D:9
    Orc: D:9-12

Altars:
Ashenzari
Dithmenos
Gozag
Kikubaaqudgha
Makhleb
Nemelex Xobeh
Qazlal
Ru
Sif Muna
Trog
Uskayaw
Wu Jian
Xom
Yredelemnul
Zin
The Shining One

Annotations:
D:9 exclusion: ice statue


Innate Abilities, Weirdness & Mutations

You do not eat or drink.
Your flesh is vulnerable to fire.
You are immune to poison.
Your flesh is cold resistant. (rC+)
You are immune to negative energy. (rN+++)
You are immune to unholy pain and torment.
You can survive without breathing.


Message History

Sif Muna accepts your kill.
You feel a bit more experienced.
The catoblepas is too close now for your liking.
A catoblepas is nearby!
You see here a coppery potion {!q}.
Casting: Mephitic Cloud (safe; 6% risk of failure)
Confirm with . or Enter, or press ? or * to list all spells.
Aiming: Conjure Flame (safe; 6% risk of failure)
Press: ? - help, Dir - move target cursor The fire ignites!
A phantom comes into view.
The phantom blinks!
Casting: Conjure Flame (safe; 6% risk of failure)
Confirm with . or Enter, or press ? or * to list all spells.
Aiming: Conjure Flame (safe; 6% risk of failure)
Press: ? - help, Dir - move target cursor, f - you
Okay, then.
The phantom blinks!
The phantom blinks!
Okay, then.
Casting: Conjure Flame (safe; 6% risk of failure)
Confirm with . or Enter, or press ? or * to list all spells.
Aiming: Conjure Flame (safe; 6% risk of failure)
Press: ? - help, Dir - move target cursor The fire ignites!
Casting: Conjure Flame (safe; 6% risk of failure)
Confirm with . or Enter, or press ? or * to list all spells.
Aiming: Conjure Flame (safe; 6% risk of failure)
Press: ? - help, Dir - move target cursor The fire ignites!
Casting: Conjure Flame (safe; 6% risk of failure)
Confirm with . or Enter, or press ? or * to list all spells.
Aiming: Conjure Flame (safe; 6% risk of failure)
Press: ? - help, Dir - move target cursor The fire ignites!
Casting: Conjure Flame (safe; 6% risk of failure)
Confirm with . or Enter, or press ? or * to list all spells.
Aiming: Conjure Flame (safe; 6% risk of failure)
Press: ? - help, Dir - move target cursor The fire ignites!
The catoblepas is engulfed in blazing flames.
The catoblepas is engulfed in blazing flames.
Casting: Conjure Flame (safe; 6% risk of failure)
Confirm with . or Enter, or press ? or * to list all spells.
Aiming: Conjure Flame (safe; 6% risk of failure)
Press: ? - help, Dir - move target cursor The fire ignites!
The catoblepas is engulfed in blazing flames.
The catoblepas is engulfed in blazing flames.
The catoblepas breathes a plume of calcifying dust at you.
The blast of calcifying dust hits you!
* * * LOW HITPOINT WARNING * * *
Unknown command.
You are engulfed in calcifying dust.
The catoblepas is engulfed in blazing flames.
Unknown command.
Casting: Conjure Flame (safe; 6% risk of failure)
Confirm with . or Enter, or press ? or * to list all spells.
You blink.
You are engulfed in blazing flames.
* * * LOW HITPOINT WARNING * * *
The catoblepas is engulfed in blazing flames.
The catoblepas breathes a plume of calcifying dust at you.
The blast of calcifying dust hits you!
You die...

#.# #Y# #.# #.# #.#
#.# #.#
#W##################
#.§@§Y§§§§..........
####################


You could see a catoblepas and a phantom.

Vanquished Creatures
  Erolcha (D:9)
  A hydra (D:8)
  2 two-headed ogres
  Pikel (D:7)
  A wolf spider (D:9)
  An elephant (D:9)
  A troll (D:9)
  2 hippogriffs (D:9)
  2 dream sheep (D:8)
  Sigmund (D:3)
  3 yaks
  2 basilisks (D:9)
  4 slaves (D:7)
  An ice beast (D:9)
  A phantom (D:5)
  2 orc warriors
  3 black bears
  An eye of draining (D:9)
  7 ogres
  4 centaurs
  3 big kobolds (D:8)
  4 bullfrogs
  3 scorpions
  4 killer bees (D:9)
  2 howler monkeys
  3 crimson imps
  A bullfrog skeleton (D:5)
  A hound (D:9)
  6 orc priests
  9 orc wizards
  2 iguanas
  Jessica (D:3)
  Terence (D:3)
  2 worker ants (D:8)
  2 gnolls (D:6)
  16 adders
  A river rat (D:5)
  A shadow imp (D:5)
  10 oozes
  An adder zombie (D:9)
  An adder skeleton (D:5)
  2 worms
  3 dart slugs
  18 leopard geckos
  17 orcs
  11 ball pythons
  8 bats
  14 giant cockroaches
  10 goblins
  3 hobgoblins
  9 jackals
  11 kobolds
  2 quokkas
  A ball python zombie (D:6)
  18 frilled lizards
  4 leopard gecko skeletons
  A leopard gecko zombie (D:3)
  6 rats
253 creatures vanquished.

Vanquished Creatures (collateral kills)
  A jelly (D:5)
  A crimson imp (D:5)
  A centaur zombie (D:5)
  An adder (D:8)
  A gnoll (D:6)
  A worm (D:2)
  4 orcs (D:5)
  A goblin (D:1)
  3 jackals (D:1)
14 creatures vanquished.

Vanquished Creatures (others)
  2 howler monkeys (D:7)
2 creatures vanquished.

Grand Total: 269 creatures vanquished

Notes
Turn   | Place    | Note
-------+----------+-------------------------------------------
     0 | D:1      | Amnesiac the Mummy Wizard began the quest for the Orb.
     0 | D:1      | Reached XP level 1. HP: 13/13 MP: 5/5
   200 | D:1      | Reached XP level 2. HP: 19/19 MP: 3/7
   418 | D:1      | Reached skill level 5 in Spellcasting
   474 | D:1      | Learned a level 2 spell: Blink
   477 | D:1      | Learned a level 2 spell: Call Imp
   582 | D:2      | Found an opulent altar of Gozag.
   625 | D:2      | Reached XP level 3. HP: 24/24 MP: 1/9
   630 | D:2      | Learned a level 3 spell: Conjure Flame
   634 | D:2      | Learned a level 3 spell: Mephitic Cloud
   663 | D:2      | Found a bloodstained altar of Trog.
   663 | D:2      | Found a deep blue altar of Sif Muna.
   678 | D:2      | Became a worshipper of Sif Muna the Loreminder
  2092 | D:2      | Reached skill level 6 in Spellcasting
  2140 | D:2      | Reached XP level 4. HP: 24/30 MP: 8/12
  2308 | D:3      | Found a shadowy altar of Dithmenos.
  2440 | D:3      | Found an ornate altar of the Wu Jian Council.
  2453 | D:3      | Noticed Terence
  2475 | D:3      | Killed Terence
  2475 | D:3      | Reached skill level 7 in Spellcasting
  2726 | D:3      | Reached XP level 5. HP: 34/35 MP: 14/14
  2798 | D:3      | Noticed Jessica
  2816 | D:3      | Killed Jessica
  3097 | D:3      | Noticed Sigmund
  3199 | D:3      | Killed Sigmund
  3199 | D:3      | Reached * piety under Sif Muna
  3199 | D:3      | Reached skill level 8 in Spellcasting
  3199 | D:3      | Reached XP level 6. HP: 40/41 MP: 2/17
  3459 | D:4      | Got a smoking long sword
  3460 | D:4      | Identified the +8 long sword of the Globe {slice, +Inv
                  | rPois rF+ Int-2} (You found it on level 4 of the Dungeon)
  3479 | D:4      | Reached skill level 9 in Spellcasting
  3979 | D:4      | Reached XP level 7. HP: 7/46 MP: 7/20
  4201 | D:4      | Found a staircase to the Ecumenical Temple.
  4242 | D:4      | Reached skill level 10 in Spellcasting
  4349 | D:4      | Found a sparkling altar of Nemelex Xobeh.
  4364 | D:4      | Found a glowing silver altar of Zin.
  4369 | D:4      | Found a shattered altar of Ashenzari.
  4380 | D:4      | Found a basalt altar of Yredelemnul.
  4391 | D:4      | Found an ancient bone altar of Kikubaaqudgha.
  4402 | D:4      | Found a burning altar of Makhleb.
  4410 | D:4      | Found a sacrificial altar of Ru.
  4449 | D:5      | Entered Level 5 of the Dungeon
  4456 | D:5      | Reached ** piety under Sif Muna
  4482 | D:5      | Reached skill level 11 in Spellcasting
  4875 | D:5      | Reached XP level 8. HP: 43/52 MP: 12/23
  4976 | D:5      | Reached skill level 12 in Spellcasting
  5009 | D:5      | Found a glowing drain.
  5016 | Sewer    | Entered a sewer
  5184 | Sewer    | Reached *** piety under Sif Muna
  5704 | D:5      | Found a glowing golden altar of the Shining One.
  5833 | D:6      | Reached skill level 13 in Spellcasting
  5998 | D:6      | You fall through a shaft!
  6005 | D:7      | Noticed Pikel
  6048 | D:7      | Killed Pikel
  6048 | D:7      | Reached skill level 14 in Spellcasting
  6048 | D:7      | Reached XP level 9. HP: 40/57 MP: 10/27
  6410 | D:6      | Reached **** piety under Sif Muna
  6440 | D:6      | Noticed a two-headed ogre
  6466 | D:6      | Killed a two-headed ogre
  6466 | D:6      | Reached skill level 15 in Spellcasting
  6528 | D:6      | Found a shimmering altar of Xom.
  7651 | D:8      | Noticed a two-headed ogre
  7667 | D:8      | Killed a two-headed ogre
  7667 | D:8      | Reached skill level 16 in Spellcasting
  7667 | D:8      | Reached XP level 10. HP: 29/63 MP: 7/30
  8290 | D:8      | Reached ***** piety under Sif Muna
  8293 | D:8      | Reached skill level 17 in Spellcasting
  8298 | D:8      | Identified Sif Muna's Catalogue of Supportive Translocation
                  | (Sif Muna gifted it to you on level 8 of the Dungeon)
  8298 | D:8      | Received a gift from Sif Muna
  8432 | D:8      | Noticed a two-headed hydra
  8456 | D:8      | Killed a four-headed hydra
  8667 | D:8      | Found a hide-covered altar of Uskayaw.
  8733 | D:9      | Noticed Erolcha
  8750 | D:9      | Killed Erolcha
  8847 | D:9      | Reached skill level 18 in Spellcasting
  8858 | D:9      | Noticed an elephant
  8860 | D:9      | Found a staircase to the Lair.
  8897 | D:9      | Killed an elephant
  8971 | D:9      | Reached XP level 11. HP: 42/68 MP: 7/33
  9049 | D:9      | Found a stormy altar of Qazlal.
  9185 | D:9      | Reached skill level 5 in Invocations
  9416 | D:9      | Noticed a wolf spider
  9423 | D:9      | Noticed a catoblepas
  9426 | D:9      | Killed a wolf spider
  9533 | D:9      | Killed from afar by a catoblepas

Vault maps used:
D:1:      sevenhm_arrival_forest_fort_small_4, grunt_decor_mini_mirrors
D:2:      amethyst_overflow_temple_binary, grunt_gozag_statues, first_ration,
          minmay_statues_item, kennysheep_generic_room_7
D:3:      lemuel_crystal_altar, old_standard_altar, grunt_decor_one_mirror,
          uniq_terence, uniq_sigmund, uniq_jessica
D:4:      grunt_temple_overflow_octagram, temple_fountains
D:5:      tso_altar, lightli_sewer_entry_pipes
D:6:      black_bear_nest_1, overflow_temple_1_default, hangedman_decor_points
D:7:      uniq_pikel
D:8:      kennysheep_little_box, hangedman_ranch
D:9:      grunt_qazlal_sundering, david_lair_generic,
          hangedman_abyss_or_decor_jellyfish_corner, dk_noncrumbling_2,
          grunt_ministairs_4, nzn_random_ring, uniq_erolcha, uniq_grum
Sewer:    sewer_frog_island_02

Skill      XL: |  1  2  3  4  5  6  7  8  9 10 11 |
---------------+----------------------------------+-----
Spellcasting   | 5 6 7 8 9 11 14 16 18 | 18.0
Invocations    | 4 5 |  5.9
Dodging        | |  1.5
Stealth        | |  1.5
Conjurations   | |  0.7
Summonings     | |  0.7
Translocations | |  0.7

Action                   |  1- 3 |  4- 6 |  7- 9 | 10-12 || total
-------------------------+-------+-------+-------+-------++-------
Melee: Unarmed           |    12 |       |       |       ||    12
       Spear             |     6 |       |       |       ||     6
       Dagger            |     3 |       |       |       ||     3
       Long sword        |       |    46 |   232 |   105 ||   383
 Fire: Hunting sling     |     8 |   122 |       |       ||   130
 Cast: Magic Dart        |    98 |     2 |    34 |    19 ||   153
       Call Imp          |     4 |       |     7 |     2 ||    13
       Mephitic Cloud    |     3 |    15 |    32 |    35 ||    85
       Blink             |       |       |     3 |     5 ||     8
       Conjure Flame     |       |       |    12 |    20 ||    32
Invok: Divine Energy     |       |     1 |       |       ||     1
Evoke: Wand              |       |       |       |     2 ||     2
  Use: Scroll            |     2 |       |       |    10 ||    12
 Stab: Confused          |     1 |     2 |    11 |     4 ||    18
       Sleeping          |     1 |       |     2 |       ||     3
Armor: Robe              |     8 |    20 |    47 |    26 ||   101
Dodge: Dodged            |    43 |    71 |   173 |    82 ||   369
       Rpst.: Long sword |       |     8 |    53 |    21 ||    82

Table legend:
 A = Non-vault XP
 B = Vault XP
 C = Vault XP percentage of total XP
 D = Non-vault monster count
 E = Vault monster count
 F = Vault count percentage of total count
                 A         B        C        D         E       F
            +---------+---------+-------+---------+---------+-------
      Total |    6583 |    6056 |  47.9 |     172 |      91 |  34.6
            +---------+---------+-------+---------+---------+-------
        D:1 |      59 |       0 |   0.0 |      33 |       0 |   0.0
        D:2 |      34 |      18 |  34.6 |      13 |       4 |  23.5
        D:3 |      76 |     311 |  80.4 |      22 |       3 |  12.0
        D:4 |     440 |       0 |   0.0 |      22 |       0 |   0.0
        D:5 |     831 |      32 |   3.7 |      30 |       4 |  11.8
        D:6 |    1307 |     126 |   8.8 |      12 |       1 |   7.7
        D:7 |     511 |     595 |  53.8 |       6 |       1 |  14.3
        D:8 |    1600 |    2186 |  57.7 |      15 |       8 |  34.8
        D:9 |    1725 |    2495 |  59.1 |      19 |      13 |  40.6
      Sewer |       0 |     293 | 100.0 |       0 |      57 | 100.0
            +---------+---------+-------+---------+---------+-------
